 Dungeon Crawl Stone Soup version 0.28-a0-1143-gcf6077d4cc (webtiles) character file.

Game seed: 11003077100959918296

4157 bande the Cleaver (level 10, -5/61 HPs)
             Began as a Gargoyle Fighter on Dec 13, 2021.
             Slain by an orc warrior (15 damage)
             ... on level 8 of the Dungeon.
             The game lasted 00:15:44 (10009 turns).

bande the Cleaver (Gargoyle Fighter)               Turns: 10009, Time: 00:15:44

Health: -5/61      AC: 22    Str: 26    XL:     10   Next: 28%
Magic:  10/10      EV:  6    Int: 11    God:
Gold:   1548       SH:  9    Dex: 13    Spells: 9/9 levels left

rFire   . . .      SeeInvis .   w - +1 hand axe (flame)
rCold   . . .      Faith    .   E - +0 kite shield
rNeg    + . .      Spirit   .   n - +0 chain mail
rPois   ∞          Reflect  .   g - +0 helmet
rElec   +          Harm     .   k - +0 cloak
rCorr   .          Rampage  .   h - +1 pair of gloves
Will    .....      Rage     1%  (no boots)
Stlth   ..........              (no amulet)
HPRegen 0.20/turn               o - +6 ring of strength
MPRegen 0.12/turn               (no ring)

@: no status effects
A: sickness immunity, AC +7, negative energy resistance 1, electricity
resistance, torment resistance 1, petrification resistance, berserk 1, clever 1
a: no special abilities


You were on level 8 of the Dungeon.
You visited 2 branches of the dungeon, and saw 9 of its levels.

You collected 1680 gold pieces.
You spent 132 gold pieces at shops.

Inventory:

Hand Weapons
 a - a +1 war axe of freezing
 w - a +1 hand axe of flaming (weapon)
Missiles
 v - 2 throwing nets (quivered)
Armour
 g - a +0 helmet (worn)
 h - a +1 pair of gloves (worn)
 k - a +0 cloak (worn)
 n - a +0 chain mail (worn)
 E - a +0 kite shield (worn)
Jewellery
 e - an amulet of the acrobat
 o - a +6 ring of strength (left hand)
 B - a ring of wizardry
Wands
 i - a wand of iceblast (8)
 m - a wand of flame (41)
 s - a wand of digging (1)
 y - a wand of mindburst (12)
 C - a wand of paralysis (10)
Scrolls
 b - a scroll of enchant armour
 c - a scroll of noise {unknown}
 p - 2 scrolls of summoning
 q - 4 scrolls of teleportation
 D - a scroll of fog {unknown}
 F - a scroll of silence
Potions
 d - 3 potions of lignification
 f - a potion of resistance
 j - 4 potions of curing
 l - a potion of flight
 r - 2 potions of invisibility
 t - 2 potions of cancellation {unknown}
 u - 2 potions of magic {unknown}
 x - a potion of haste {unknown}
 z - 2 potions of berserk rage
 A - a potion of heal wounds {unknown}


   Skills:
 + Level 6.7 Fighting
 + Level 9.0 Axes
 + Level 7.6 Armour
 + Level 6.1 Shields
 * Level 5.0 Evocations


You had 9 spell levels left.
You didn't know any spells.
Your spell library contained the following spells:

 Spells                   Type           Power      Damage    Failure   Level
 Foxfire                  Conj/Fire      0%         2x1d4     99%         1
 Conjure Flame            Conj/Fire      0%         6-21      100%        3
 Inner Flame              Hex/Fire       0%         N/A       100%        3
 Flame Wave               Conj/Fire      0%         2d4       100%        4
 Petrify                  Tmut/Erth      0%         N/A       100%        4
 Irradiate                Conj/Tmut      0%         3d13      100%        5
 Sublimation of Blood     Necr           Unusable   N/A       N/A         2

Dungeon Overview and Level Annotations

Branches:
Dungeon (8/15)             Temple (1/1) D:4
   Lair: D:8-11

Altars:
Ashenzari
Cheibriados
Dithmenos
Elyvilon
Fedhas
Gozag
Hepliaklqana
Kikubaaqudgha
Nemelex Xobeh
Qazlal
Ru
Trog
Uskayaw
Vehumet
Wu Jian
Xom
Yredelemnul
Zin
The Shining One

Shops:
D:6 (!([


Innate Abilities, Weirdness & Mutations

You are immune to sickness and miasma.
Your stone body is resilient. (AC +7)
You are immune to poison.
You resist negative energy. (rN+)
You are resistant to electric shocks. (rElec)
You are resistant to unholy torment.
You are immune to petrification.
You tend to lose your temper in combat.
Your mind is acute. (Int +2)


Message History

You block the killer bee's attack. x2
The killer bee stings you but does no damage.
The killer bee closely misses you.
An orc comes into view. It is wielding a +0 whip.
You block the orc warrior's attack. Something hits you but does no damage.
You closely miss something. You slash the killer bee! You burn the killer bee.
You kill the killer bee!
Your shield and chain mail prevent you from hitting the killer bee.
The killer bee stings you but does no damage.
The killer bee barely misses you.
The orc warrior hits you from afar with a +3 trident!
An orc wizard comes into view. It is wielding a +0 dagger.
You hear some strange, mumbled words.
Something tries to affect you, but you resist.
You miss something. You closely miss the killer bee.
The orc wizard shouts!
The killer bee stings you but does no damage.
The killer bee closely misses you.
An orc comes into view. It is wielding a +0 club.
The orc warrior barely misses you. Something hits you but does no damage.
The orc priest miscasts a cantrip.
The killer bee stings you but does no damage.
The killer bee stings you.
The orc priest looks braver for a moment.
The killer bee stings you but does no damage.
The killer bee stings you. You block the killer bee's attack.
A killer bee comes into view.
The killer bee barely misses you.
The killer bee buzzes angrily.
The killer bee stings you.
* * * LOW HITPOINT WARNING * * *
You block the killer bee's attack. x2
The killer bee stings you.
* * * LOW HITPOINT WARNING * * *
You block the killer bee's attack. You block the killer bee's attack.
The killer bee stings you.
* * * LOW HITPOINT WARNING * * *
The orc warrior hits you from afar with a +3 trident!
You die...

#... #..### .....(...
....####.<... #.......
............ ##....###
.........#.. #...).##.
......>)###.## #))......
.........##..###.##.##..
.......<.# #.##......#..
.........###..#)........
.......@.#.....)........
......yyy#..............
.........o.)............
........................
.........o..............
.........#o..##.........
...#.#####...###..)..#..
..##. ##...# ##...####
#. #. ###....# ###.###


You could see 2 orc warriors, 3 killer bees and an orc priest.

Vanquished Creatures
  Sigmund (D:2)
  4 yaks (D:7)
  A wyvern (D:5)
  A steam dragon (D:6)
  An acid dragon (D:5)
  2 water moccasins
  A sky beast (D:4)
  A necrophage (D:5)
  3 ogres
  A phantom (D:5)
  A centaur (D:7)
  4 kobold brigands
  2 bullfrogs (D:7)
  3 scorpions (D:5)
  10 killer bees
  A water moccasin skeleton (D:6)
  6 wights (D:8)
  A bullfrog zombie (D:5)
  A bullfrog skeleton (D:5)
  2 centaur zombies (D:6)
  3 hounds
  4 jellies
  2 orc priests (D:5)
  A gnoll shaman (D:6)
  2 centaur skeletons
  3 iguanas
  Ijyb (D:4)
  3 orc wizards
  A hound zombie (D:5)
  A hound skeleton (D:4)
  9 gnolls
  5 adders
  3 worms
  5 dart slugs
  12 orcs
  5 ball pythons
  4 endoplasms
  3 giant cockroaches
  6 goblins
  4 hobgoblins
  7 jackals
  7 quokkas
  9 bats
  3 frilled lizards
  22 kobolds
  5 rats
177 creatures vanquished.

Vanquished Creatures (collateral kills)
  A white imp (D:6)
1 creature vanquished.

Vanquished Creatures (others)
  18 plants
18 creatures vanquished.

Grand Total: 196 creatures vanquished

Notes
Turn   | Place    | Note
-------+----------+-------------------------------------------
     0 | D:1      | bande the Gargoyle Fighter began the quest for the Orb.
     0 | D:1      | Reached XP level 1. HP: 14/14 MP: 1/1
   219 | D:1      | Reached XP level 2. HP: 17/19 MP: 2/2
  1348 | D:2      | Reached skill level 2 in Axes
  1348 | D:2      | Reached XP level 3. HP: 23/23 MP: 3/3
  1396 | D:2      | Reached XP level 4. HP: 24/28 MP: 4/4
  1439 | D:2      | Found a faded altar of an unknown god.
  1497 | D:2      | Noticed Sigmund
  1508 | D:2      | Killed Sigmund
  1509 | D:2      | Reached skill level 3 in Axes
  1509 | D:2      | Reached XP level 5. HP: 21/33 MP: 5/5
  1681 | D:2      | Reached skill level 4 in Axes
  1681 | D:2      | Reached XP level 6. HP: 32/38 MP: 6/6
  2834 | D:4      | Noticed Ijyb
  2860 | D:4      | Killed Ijyb
  3456 | D:4      | Found a staircase to the Ecumenical Temple.
  3473 | D:4      | Noticed a sky beast
  3485 | D:4      | Killed a sky beast
  3486 | D:4      | Reached XP level 7. HP: 32/43 MP: 7/7
  3590 | Temple   | Entered the Ecumenical Temple
  4137 | D:4      | Reached skill level 5 in Armour
  4270 | D:4      | You fall into a shaft and drop 2 floors!
  4288 | D:6      | Reached skill level 5 in Axes
  4341 | D:6      | Found Fyunayr's Distillery.
  4348 | D:6      | Found Ugoe's Weapon Shop.
  4367 | D:6      | Reached skill level 1 in Evocations
  4384 | D:6      | HP: 3/66 [killer bee (5)]
  4806 | D:6      | Found Ucsev's Antique Weapon Emporium.
  4827 | D:5      | Entered Level 5 of the Dungeon
  4835 | D:5      | Reached XP level 8. HP: 38/48 MP: 8/8
  4842 | D:5      | Gained mutation: You tend to lose your temper in combat.
                  | [potion of mutation]
  4842 | D:5      | Gained mutation: Your mind is acute. (Int +2) [potion of
                  | mutation]
  5281 | D:5      | Reached skill level 6 in Axes
  5281 | D:5      | Reached skill level 5 in Shields
  5352 | D:5      | Reached skill level 5 in Fighting
  5982 | D:5      | Reached skill level 7 in Axes
  6075 | D:5      | Reached XP level 9. HP: 41/54 MP: 9/9
  7104 | D:6      | Bought a runed hand axe for 132 gold pieces
  7129 | D:6      | Found Yvaruis's Antique Armour Shop.
  7554 | D:6      | Reached skill level 8 in Axes
  8131 | D:7      | Reached XP level 10. HP: 22/61 MP: 10/10
  9537 | D:8      | Identified a scroll of acquirement
  9537 | D:8      | Acquired 1127 gold pieces
  9769 | D:8      | Reached skill level 9 in Axes
  9777 | D:8      | Reached skill level 5 in Evocations
 10009 | D:8      | Slain by an orc warrior

Illustrated notes

Levels and vault maps discovered:
D:1:      nicolae_arrival_memento_mori, layout_basic,
          minmay_misc_feat_nine_boxes
D:2:      layout_loops_ring, dilly_ecumenical_altar_fadedgnrine, uniq_sigmund
D:3:      layout_loops_cross, grunt_ministairs_14, grunt_decor_mini_mirrors
D:4:      layout_loops_ring, minmay_temple_entry_overgrown, uniq_ijyb
D:5:      minmay_bubble_buster, layout_basic, minmay_misc_feat_roman,
          lexackson_kobold_supper
D:6:      layout_basic, serial_shops, shop_coins, shop_fountains,
          nicolae_shop_statue_plus, shop
D:7:      layout_loops_corners, serial_glass, glass_columns_b, glass_columns_a,
          item_on_display_a, due_unseen_surprise, item_on_display_a,
          item_on_display_a
D:8:      layout_rooms
Temple:   mainiacjoe_temple_bowtie_tessellation

Skill      XL: |  1  2  3  4  5  6  7  8  9 10 |
---------------+-------------------------------+-----
Axes           | 2 3 4 5 7 8 9 |  9.0
Armour         | 4 5 6 7 |  7.6
Shields        | 4 5 6 |  6.1
Fighting       | 4 5 6 |  6.7
Evocations     | 1 3 4 5 |  5.0

Action                   |  1- 3 |  4- 6 |  7- 9 | 10-12 || total
-------------------------+-------+-------+-------+-------++-------
Melee: War axe           |    80 |   161 |   202 |       ||   443
       Hand axe          |       |       |   100 |    97 ||   197
Evoke: Wand              |       |       |       |     4 ||     4
  Use: Scroll            |     3 |     4 |     8 |     1 ||    16
       Potion            |       |     1 |     3 |       ||     4
Armor: Scale mail        |    49 |    72 |       |       ||   121
       Chain mail        |       |    46 |   227 |    91 ||   364
Dodge: Dodged            |    42 |    74 |   112 |    52 ||   280
Block: Buckler           |    27 |    47 |    76 |    19 ||   169
       Kite shield       |       |       |       |    53 ||    53

Table legend: (Time is in decaauts)
 A = Elapsed time spent in this place.
 B = Non-inter-level travel time spent in this place.
 C = Inter-level travel time spent in this place.
 D = Time resting spent in this place.
 E = Time spent auto-exploring this place.
 F = Levels seen in this place.
 G = Mean time per level.
                   A        B        C        D        E       F      G
               +--------+--------+--------+--------+--------+-----+--------+
         Total |  10147 |   9848 |    299 |   2133 |   5651 |   9 | 1127.4 |
       Dungeon |   9914 |   9646 |    268 |   2133 |   5463 |   8 | 1239.2 |
        Temple |    232 |    201 |     31 |      0 |    188 |   1 |  232.0 |
               +--------+--------+--------+--------+--------+-----+--------+

Top non-repeatable levels by time:
     D:5: 2009 daAuts
     D:7: 1842 daAuts
     D:4: 1455 daAuts
     D:6: 1423 daAuts
     D:1: 1223 daAuts
     D:2: 873 daAuts
     D:3: 795 daAuts
     D:8: 291 daAuts
  Temple: 232 daAuts
